 Dungeon Crawl Stone Soup version 0.29-a0-676-ga64570c9d2 (webtiles) character file.

Game seed: 10244730327123442290

94 HoaS the Bolt Thrower (level 4, -2/26 HPs)
             Began as a Tengu Hunter on June 24, 2022.
             Shot with an arrow by a centaur (16 damage)
             ... on level 3 of the Dungeon.
             The game lasted 00:05:20 (1902 turns).

HoaS the Bolt Thrower (Tengu Hunter)                Turns: 1902, Time: 00:05:20

Health: -2/26      AC:  4    Str: 12    XL:     4   Next: 63%
Magic:  5/5        EV: 11    Int:  9    God:
Gold:   123        SH:  0    Dex: 19    Spells: 3/3 levels left

rFire   . . .      SeeInvis .   a - +1 hand crossbow (venom)
rCold   . . .      Faith    .   d - +0 buckler
rNeg    . . .      Spirit   .   b - +0 leather armour
rPois   .          Reflect  .   (helmet restricted)
rElec   .          Harm     .   o - +0 cloak
rCorr   .          Rampage  .   (no gloves)
Will    .....                   (boots unavailable)
Stlth   +.........              (no amulet)
HPRegen 0.08/turn               (no ring)
MPRegen 0.09/turn               (no ring)

@: confused, ambrosia-drunk
A: beak, talons 3
a: no special abilities


You were on level 3 of the Dungeon.
You visited 1 branch of the dungeon, and saw 3 of its levels.

You collected 123 gold pieces.

Inventory:

Hand Weapons
 a - a +1 hand crossbow of venom (weapon)
Missiles
 k - a throwing net
Armour
 b - a +0 leather armour (worn)
 d - a +0 buckler (worn)
 o - a +0 cloak (worn)
Scrolls
 c - a scroll of immolation
Potions
 e - a potion of mutation {unknown}
 g - a potion of heal wounds {unknown}
 h - 2 potions of flight
 i - a potion of curing {unknown}
 j - 4 potions of ambrosia


   Skills:
 - Level 2.0 Fighting
 + Level 6.5 Crossbows
 - Level 2.1 Dodging
 - Level 1.0 Stealth


You had 3 spell levels left.
You didn't know any spells.
Your spell library contained the following spells:

 Spells                   Type           Power      Damage    Failure   Level
 Static Discharge         Conj/Air       0%         N/A       73%         2
 Sublimation of Blood     Necr           0%         N/A       73%         2
 Petrify                  Tmut/Erth      0%         N/A       100%        4
 Irradiate                Conj/Tmut      0%         3d13      100%        5
 Lightning Bolt           Conj/Air       0%         1d11      100%        5
 Maxwell's Capacitive Co  Air            0%         ∞         100%        8


Dungeon Overview and Level Annotations

Branches:
Dungeon (3/15)

Altars:
Gozag
Hepliaklqana

Shops:
D:3 [:


Innate Abilities, Weirdness & Mutations

You have a beak for a mouth.
You have claws for feet.


Message History

Press: ? - help, Dir - move target, f - you Are you sure you want to cancel this blink?
Okay, then.
As you read the scroll labelled SATIUROCZUE, it crumbles to dust.
It was a scroll of blinking.
There is an entrance to Boppo Fihops's Book Boutique here.
You can access your shopping list by pressing '$'.
You now have 123 gold pieces (gained 10).
A kobold and an endoplasm come into view.
You shoot a bolt.
The bolt hits the kobold but does no damage.
The kobold is poisoned.
The kobold shouts!
The endoplasm quivers.
You shoot a bolt. The bolt hits the kobold!
You kill the kobold!
You shoot a bolt. The bolt hits the endoplasm!
You kill the endoplasm!
No target in view!
No target in view!
A centaur comes into view.
The centaur moves out of view.
A centaur is nearby!
You shoot a bolt. The centaur shouts!
The bolt hits the centaur!
The centaur is heavily wounded.
The centaur wields a +0 shortbow.
The centaur shoots an arrow.
The arrow hits you!
The centaur shoots an arrow.
The arrow hits you!
* * * LOW HITPOINT WARNING * * *
You are too injured to fight recklessly!
You are confused.
You feel invigorated.
The centaur shoots an arrow.
The arrow hits you.
* * * LOW HITPOINT WARNING * * *
The centaur shoots an arrow.
The arrow hits you.
* * * LOW HITPOINT WARNING * * *
The centaur shoots an arrow.
The arrow barely misses you.
The centaur shoots an arrow.
The arrow hits you!
Ouch! That really hurt!
You die...

..........................
..≈≈≈≈..PPPP.._..PPPP.§§≈≈
......................§...
#########.................
.##...#...........##....<..
.................#.........
#...............#.........#
#.......).......#.∩.......#
..........@..#............#
...........#......#.......#
....c.#...##..............#
....########............###
.... ##.........#...# ...
...>...#...#...#
...............###
.##...##.###.....#
.......∩..##..#...


You could see a centaur.

Vanquished Creatures
  3 adders
  A worm (D:2)
  3 dart slugs
  8 bats
  4 endoplasms
  A giant cockroach (D:1)
  7 goblins
  4 hobgoblins
  6 quokkas
  6 ball pythons
  3 frilled lizards
  6 kobolds
  4 rats
56 creatures vanquished.

Notes
Turn   | Place    | Note
-------+----------+-------------------------------------------
     0 | D:1      | HoaS the Tengu Hunter began the quest for the Orb.
     0 | D:1      | Reached XP level 1. HP: 12/12 MP: 2/2
    47 | D:1      | Found a faded altar of an unknown god.
    82 | D:1      | Reached XP level 2. HP: 17/17 MP: 3/3
   118 | D:1      | Reached skill level 5 in Crossbows
   421 | D:1      | Reached XP level 3. HP: 16/21 MP: 4/4
   983 | D:2      | Found a hazy altar of Hepliaklqana.
  1088 | D:2      | Reached skill level 6 in Crossbows
  1088 | D:2      | Reached XP level 4. HP: 26/26 MP: 5/5
  1466 | D:3      | Found Boppo Fihops's Book Boutique.
  1839 | D:3      | Found Foadaepru's Armour Shoppe.
  1857 | D:3      | Found an opulent altar of Gozag.
  1896 | D:3      | Noticed a centaur
  1902 | D:3      | Shot with an arrow by a centaur

Illustrated notes

Levels and vault maps discovered:
D:1:      matt_arrival_diagonals, layout_basic,
          chequers_ecumenical_altar_island, minmay_misc_feat_rows
D:2:      layout_loops_ring, basic_altar
D:3:      layout_rooms, mainiacjoe_overflow_boulevard, serial_shops,
          nicolae_lakefront_shop, shop, shop

Skill      XL: |  1  2  3 |
---------------+----------+-----
Crossbows      | 5 6 |  6.5
Fighting       | |  2.0
Dodging        | |  2.1
Stealth        | |  1.0

Action                   |  1- 3 |  4- 6 || total
-------------------------+-------+-------++-------
 Fire: Hand crossbow     |    96 |    42 ||   138
  Use: Scroll            |     2 |     6 ||     8
       Potion            |       |     1 ||     1
Armor: Leather armour    |     4 |     4 ||     8
Dodge: Dodged            |    12 |    13 ||    25
Block: Buckler           |     2 |     3 ||     5

Table legend: (Time is in decaauts)
 A = Elapsed time spent in this place.
 B = Non-inter-level travel time spent in this place.
 C = Inter-level travel time spent in this place.
 D = Time resting spent in this place.
 E = Time spent auto-exploring this place.
 F = Levels seen in this place.
 G = Mean time per level.
                   A        B        C        D        E       F      G
               +--------+--------+--------+--------+--------+-----+--------+
         Total |   1953 |   1907 |     46 |    494 |   1094 |   3 |  651.0 |
       Dungeon |   1953 |   1907 |     46 |    494 |   1094 |   3 |  651.0 |
               +--------+--------+--------+--------+--------+-----+--------+

Top non-repeatable levels by time:
     D:1: 946 daAuts
     D:2: 861 daAuts
     D:3: 145 daAuts
